Map: Ephemeron LE

Players

Harstem - Winner!

  • Race: Protoss Protoss
  • Spawn Location: 11:00

Epic

  • Race: Terran Terran
  • Spawn Location: 5:00

VOD

Have the link to the VOD?

Description

Time

  • Played on: Sept. 6, 2019, 1:59 p.m.
  • Length: 11:19
Show
View Real Time Build Order
Export as new Build Order

Harstem Protoss - Winner!

Build Orders: 1 Gate Expand, Chargelot Immortal, Colossus Rush 

Get SALT Encoding   

  12  0:00  Probe  
  13  0:13  Probe  
  14  0:18  Pylon  
  14  0:24  Probe  
  15  0:32  Probe  
  15  0:37  Gateway  
  15  0:40  Probe  
  16  0:49  Assimilator  
  17  0:51  Probe  
  18  1:03  Probe  
  19  1:15  Probe  
  20  1:23  Nexus  
  20  1:33  Cybernetics Core  
  20  1:36  Probe  
  21  1:42  Assimilator  
  21  1:48  Probe  
  21  1:53  Pylon  
  22  2:00  Probe  
  22  2:01  Adept  
  23  2:12  Warp Gate, Probe  
  26  2:24  Robotics Facility  
  26  2:25  Probe  
  26  2:26  Stalker  
  27  2:35  Probe  
  30  2:37  Probe  
  31  2:47  Probe  
  31  2:49  Probe  
  35  2:58  Sentry  
  35  2:59  Probe  
  35  3:01  Probe  
  35  3:04  Observer  
  37  3:11  Probe  
  39  3:13  Probe  
  39  3:15  Pylon  
  39  3:18  Gateway  
  40  3:20  Gateway  
  40  3:24  Probe  
  40  3:25  Probe  
  40  3:26  Observer  
  43  3:34  Assimilator  
  43  3:36  Probe  
  43  3:37  Probe, Assimilator  
  45  3:47  Observer  
  45  3:48  Pylon, Probe  
  47  3:50  Probe  
  48  4:00  Probe  
  48  4:02  Probe  
  50  4:06  Robotics Bay  
  50  4:09  Stalker  
  52  4:12  Probe  
  52  4:14  Probe, Stalker x2  
  58  4:20  Pylon  
  58  4:24  Probe  
  58  4:26  Probe  
  58  4:29  Pylon  
  61  4:40  Colossus  
  61  4:45  Nexus  
  60  4:50  Probe  
  62  4:53  Forge, Twilight Council  
  62  4:59  Probe  
  68  5:02  Probe  
  69  5:13  Observer  
  68  5:14  Probe  
  68  5:15  Observer  
  68  5:17  Pylon  
  68  5:18  Probe  
  61  5:21  Observer  
  61  5:22  Probe, Extended Thermal Lance  
  61  5:26  Blink  
  61  5:27  Protoss Ground Weapons Level 1  
  62  5:28  Probe  
  62  5:29  Colossus  
  62  5:30  Probe  
  64  5:38  Observer  
  65  5:49  Shield Battery, Sentry  
  72  5:51  Probe  
  72  5:53  Probe  
  72  5:54  Observer  
  72  5:56  Stalker  
  76  5:58  Probe  
  76  6:02  Stalker  
  76  6:04  Probe  
  80  6:06  Colossus, Probe  
  81  6:16  Probe  
  82  6:24  Zealot  
  82  6:25  Zealot  
  91  6:26  Probe  
  91  6:31  Probe  
  91  6:33  Probe  
  91  6:34  Pylon  
  91  6:36  Photon Cannon  
  92  6:40  Stalker  
  92  6:44  Gateway  
  94  6:48  Stalker  
  94  6:49  Probe  
  94  6:50  Pylon  
  94  6:51  Probe  
  98  6:56  Pylon  
  98  7:02  Probe  
  98  7:07  Immortal, Stalker x2  
  103  7:09  Probe  
  103  7:11  Probe  
  103  7:14  Pylon  
  110  7:23  Probe  
  110  7:26  Gateway  
  110  7:28  Protoss Ground Armor Level 1  
  110  7:29  Probe  
  110  7:30  Gateway  
  110  7:33  Templar Archives, Pylon  
  110  7:35  Zealot x2  
  115  7:37  Charge  
  115  7:42  Forge, Probe x2  
  116  7:53  Assimilator  
  116  7:56  Immortal  
  116  7:58  Assimilator  
  121  7:59  Psionic Storm  
  121  8:01  Probe  
  121  8:02  Zealot  
  121  8:03  Zealot  
  121  8:04  Pylon, Probe  
  126  8:09  Probe  
  126  8:11  Observer  
  127  8:19  Gateway  
  127  8:22  Gateway  
  127  8:23  High Templar x2  
  127  8:24  Pylon  
  127  8:26  Immortal  
  131  8:38  Zealot x4  
  141  8:47  Pylon  
  141  8:50  Pylon  
  141  8:58  High Templar x3  
  141  9:01  Pylon  
  147  9:07  Nexus  
  147  9:08  Pylon  
  145  9:13  Immortal  
  145  9:17  Zealot x5  
  159  9:27  Probe  
  159  9:28  Probe  
  161  9:33  Probe  
  161  9:36  High Templar  
  164  9:39  Probe  
  164  9:42  High Templar x2  
  164  9:43  Zealot x4  
  175  9:54  Probe  
  176  10:03  Zealot x2  
  176  10:07  Pylon  
  174  10:08  Immortal  
  174  10:09  Pylon  
  176  10:27  Zealot  
  176  10:28  Zealot x6  
  190  10:42  Zealot  
  178  10:57  Zealot x7  
  180  11:10  Zealot  
  159  11:14  Robotics Facility  
Show
View Real Time Build Order
Export as new Build Order

Epic Terran 

Build Orders:  

Get SALT Encoding   

  12  0:00  SCV  
  13  0:12  SCV  
  14  0:17  Supply Depot  
  14  0:24  SCV  
  15  0:38  SCV  
  15  0:40  Barracks  
  16  0:43  Refinery  
  16  0:50  SCV  
  17  1:02  SCV  
  18  1:14  SCV  
  18  1:29  Orbital Command, Marine  
  19  1:46  Command Center  
  19  1:49  Barracks Reactor  
  19  1:55  SCV  
  20  2:07  SCV  
  21  2:08  Factory  
  21  2:17  Refinery  
  21  2:19  SCV  
  22  2:24  Marine  
  23  2:33  Marine  
  23  2:36  Supply Depot  
  23  2:53  Starport  
  23  2:57  Marine x2  
  23  2:58  Widow Mine, SCV  
  28  3:03  Orbital Command  
  28  3:10  SCV  
  29  3:16  Marine x2  
  29  3:19  Widow Mine  
  33  3:22  SCV  
  34  3:29  Medivac  
  34  3:32  SCV  
  38  3:34  SCV  
  38  3:35  Marine  
  38  3:38  Marine  
  40  3:44  Supply Depot, Factory Tech Lab  
  40  3:49  SCV x2  
  42  3:58  Barracks  
  42  4:02  SCV x2  
  44  4:10  Barracks, Factory Tech Lab  
  44  4:12  Engineering Bay  
  44  4:18  SCV x2  
  44  4:21  Supply Depot  
  44  4:24  Refinery, Marine  
  46  4:26  Marine  
  48  4:34  SCV x2  
  50  4:39  Terran Infantry Weapons Level 1  
  50  4:48  Starport Reactor  
  50  4:49  SCV x2  
  52  4:54  Stimpack  
  52  4:55  Marauder, Marine x2  
  56  5:01  SCV x2  
  56  5:02  Supply Depot  
  56  5:05  Marauder  
  60  5:10  Combat Shield  
  60  5:13  SCV x2  
  62  5:21  Marine x2  
  60  5:24  Marauder  
  60  5:26  Supply Depot, Medivac  
  60  5:28  Supply Depot  
  64  5:29  SCV  
  64  5:31  SCV  
  64  5:34  Medivac  
  68  5:40  Marauder  
  70  5:47  SCV x2, Marine x2  
  70  5:48  Marauder, Supply Depot  
  76  5:59  Command Center  
  76  6:07  Marine  
  76  6:08  Marauder, Marine  
  76  6:09  Marauder  
  82  6:20  Supply Depot  
  82  6:23  Barracks, SCV x2  
  82  6:24  Barracks  
  84  6:27  Refinery  
  84  6:32  Marine  
  84  6:33  Marauder x2, Marine  
  84  6:35  SCV  
  91  6:44  Viking x2  
  95  6:47  SCV  
  95  6:48  SCV  
  97  6:56  Marauder x2, Marine  
  97  6:58  Concussive Shells  
  102  7:11  Barracks Tech Lab, SCV x2, Marine  
  102  7:13  Barracks Reactor, Orbital Command  
  102  7:14  Marine  
  106  7:18  Terran Infantry Armor Level 1  
  106  7:21  Viking  
  108  7:24  Viking  
  108  7:29  SCV x2  
  112  7:36  Marauder x2, Marine  
  117  7:41  Supply Depot  
  117  7:42  Marauder  
  117  7:43  SCV x3  
  122  7:48  Factory Reactor  
  122  7:50  Starport  
  122  7:54  Supply Depot  
  122  7:55  SCV x3  
  125  8:02  Viking x2  
  129  8:05  Supply Depot  
  129  8:10  SCV x3  
  130  8:14  Marauder, Ghost Academy  
  130  8:16  Marauder  
  130  8:17  Marauder  
  130  8:19  Marine x2  
  135  8:20  Marine  
  135  8:21  Marine  
  135  8:25  Supply Depot  
  139  8:31  Engineering Bay  
  139  8:32  Armory  
  139  8:33  Viking  
  141  8:37  Viking  
  141  8:40  Viking  
  145  8:45  Viking  
  145  8:46  Enhanced Shockwaves  
  147  8:51  Ghost  
  147  8:54  Ghost  
  151  8:57  Ghost  
  151  9:00  Supply Depot  
  153  9:03  Supply Depot  
  153  9:04  Viking  
  155  9:12  Supply Depot  
  155  9:13  Supply Depot  
  160  9:28  Refinery x2  
  160  9:30  Marine x3  
  160  9:31  Marauder x3, Marine  
  169  9:41  Command Center  
  163  9:48  Marine x4  
  169  9:53  Marauder x3  
  169  10:05  SCV x2  
  167  10:08  Viking x3  
  173  10:19  Viking  
  175  10:30  Marauder x3, Marine x2  
  183  10:38  Viking  
  174  10:51  Marauder x3  
Tags
 
Add a new tag
Caveats
  • Supply blocks, unpowered buildings, or Contaminate may cause inaccurate times.
  • Supply counts are checked every 10 seconds.